[Event "13th Arad Open 2020"]
[Site "Arad"]
[Date "2020.09.30"]
[Round "9.7"]
[White "Patrascu, Catalin-Lucian"]
[Black "Paraschiv, Paul-Alexandru"]
[Result "1-0"]
[ECO "C00"]
[WhiteElo "2320"]
[BlackElo "2061"]
[Annotator "ChessBase"]
[PlyCount "97"]
[EventDate "2020.09.25"]
[EventType "swiss"]
[EventCountry "ROU"]
[SourceTitle "playchess.com"]
[Source "ChessBase"]
[SourceQuality "1"]
[TimeControl "5400+30"]

1. e4 e6 2. d4 d5 3. Bd3 dxe4 4. Bxe4 Nf6 5. Bf3 c5 6. Ne2 Nc6 7. Be3 cxd4 8. Nxd4 Ne5 9. Nc3 Bb4 10. Ndb5 Bd7 11. a3 Bxc3+ 12. Nxc3 Nxf3+ 13. Qxf3 Qc7 14. Qg3 Qxg3 15. hxg3 Bc6 16. f3 Nd5 17. Nxd5 Bxd5 18. O-O-O f6 19. b3 b5 20. Kb2 a6 21. Rh4 Kf7 22. a4 h6 23. Rb4 Rab8 24. Bf4 Rb7 25. c4 Bc6 26. cxb5 axb5 27. Rc1 Bd7 28. a5 Ra8 29. Bc7 Rc8 30. Bb6 Rxc1 31. Kxc1 e5 32. Re4 h5 33. Re2 g5 34. Kb2 g4 35. Ka3 gxf3 36. gxf3 Bc6 37. Re3 Ke6 38. Rc3 Kd6 39. Kb4 Rg7 40. Rd3+ Bd5 41. Bf2 h4 42. gxh4 Rg2 43. Bc5+ Kc6 44. Rc3 Kb7 45. Be7 e4 46. fxe4 Bxe4 47. Kxb5 Ra2 48. Bd6 Bf5 49. Rc7+ 1-0

[Event "13th Arad Open 2020"]
[Site "Arad"]
[Date "2020.09.30"]
[Round "9.8"]
[White "Ungureanu, Sandu"]
[Black "Ursan, Petru-Sebastian"]
[Result "0-1"]
[ECO "A00"]
[WhiteElo "2059"]
[BlackElo "2248"]
[Annotator "ChessBase"]
[PlyCount "199"]
[EventDate "2020.09.25"]
[EventType "swiss"]
[EventCountry "ROU"]
[SourceTitle "playchess.com"]
[Source "ChessBase"]
[SourceQuality "1"]
[TimeControl "5400+30"]

1. g3 c5 2. d4 cxd4 3. Qxd4 Nc6 4. Qd1 d5 5. Bg2 Nf6 6. Nf3 g6 7. c4 Bg7 8. cxd5 Nxd5 9. O-O O-O 10. e4 Ndb4 11. Nc3 Bg4 12. Be3 Ne5 13. Qxd8 Rfxd8 14. Nxe5 Bxe5 15. Bc5 Nc6 16. h3 Be6 17. Nd5 Rd7 18. Ba3 f5 19. Rfd1 fxe4 20. Bxe4 Bxh3 21. Nxe7+ Nxe7 22. Rxd7 Bxd7 23. Bxe7 Re8 24. Bd5+ Kg7 25. Ba3 b6 26. Re1 Kf6 27. b3 Bf5 28. Bc4 Rd8 29. Be7+ Kxe7 30. Rxe5+ Kf6 31. f4 Rd1+ 32. Kf2 Bg4 33. Rd5 Ra1 34. Rd6+ Ke7 35. Rd2 Bf5 36. a4 Rb1 37. Ke3 h5 38. Kd4 Rg1 39. Re2+ Kd6 40. Re3 h4 41. gxh4 Rg4 42. Rf3 Rxh4 43. Bd3 Bxd3 44. Kxd3 Ke6 45. Rg3 Kf5 46. Rg5+ Kf6 47. Ke4 Rh3 48. Rb5 Ke6 49. a5 Rh5 50. Rb4 Rxa5 51. Rd4 Ra1 52. b4 Ra4 53. b5 Ra5 54. Rb4 Kd6 55. Kd4 Ra1 56. Rc4 Ke6 57. Rc7 Ra4+ 58. Ke3 Ra5 59. Ke4 Ra4+ 60. Ke3 Kf6 61. Rd7 Ra5 62. Rc7 Rxb5 63. Rxa7 Rb1 64. Rd7 Re1+ 65. Kf3 Re6 66. Rb7 Rc6 67. Kg4 Rd6 68. Rb8 Rc6 69. Rb7 Ke6 70. Kg5 Kd5 71. Rg7 Ke4 72. Re7+ Kd5 73. Rg7 Ke4 74. Re7+ Kf3 75. Rb7 Re6 76. Rb8 Ke4 77. Rd8 Rc6 78. Re8+ Kd4 79. Rg8 Ke3 80. Re8+ Kf3 81. Rb8 Rd6 82. Rb7 Ke4 83. Re7+ Kd5 84. Rg7 b5 85. Rxg6 b4 86. Rg8 Rb6 87. Rd8+ Ke4 88. Re8+ Kd5 89. Rd8+ Ke6 90. f5+ Kf7 91. Rd7+ Ke8 92. Rd1 Ke7 93. Re1+ Kf7 94. Kf4 Rb8 95. Rb1 Kf6 96. Ke4 Rb5 97. Kd4 Kxf5 98. Kc4 Rb8 99. Rxb4 Rxb4+ 100. Kxb4 0-1

[Event "13th Arad Open 2020"]
[Site "Arad"]
[Date "2020.09.30"]
[Round "9.9"]
[White "Daianu, Cristian-Clement"]
[Black "Suciu, Dinu-Simi"]
[Result "1/2-1/2"]
[ECO "B12"]
[WhiteElo "2224"]
[BlackElo "2050"]
[Annotator "ChessBase"]
[PlyCount "28"]
[EventDate "2020.09.25"]
[EventType "swiss"]
[EventCountry "ROU"]
[SourceTitle "playchess.com"]
[Source "ChessBase"]
[SourceQuality "1"]
[TimeControl "5400+30"]

1. e4 c6 2. d4 d5 3. f3 e6 4. Be3 dxe4 5. fxe4 Qh4+ 6. g3 Qxe4 7. Qe2 Qd5 8. Bg2 Qa5+ 9. Nd2 Nf6 10. Ngf3 Be7 11. O-O O-O 12. Nc4 Qa6 13. Bg5 Nbd7 14. Rad1 Nb6 1/2-1/2

[Event "13th Arad Open 2020"]
[Site "Arad"]
[Date "2020.09.30"]
[Round "9.10"]
[White "Dobrin, Ionut-Alexandru"]
[Black "Pisu, Robert-Daniel"]
[Result "0-1"]
[ECO "D80"]
[WhiteElo "2040"]
[BlackElo "2223"]
[Annotator "ChessBase"]
[PlyCount "118"]
[EventDate "2020.09.25"]
[EventType "swiss"]
[EventCountry "ROU"]
[SourceTitle "playchess.com"]
[Source "ChessBase"]
[SourceQuality "1"]
[TimeControl "5400+30"]

1. d4 Nf6 2. c4 g6 3. Nc3 d5 4. Bg5 Bg7 5. Bxf6 Bxf6 6. cxd5 c6 7. Rc1 O-O 8. dxc6 Qxd4 9. Qxd4 Bxd4 10. cxb7 Bxb7 11. e3 Bf6 12. Nf3 Nd7 13. Be2 Rab8 14. Nd1 Rfc8 15. Rxc8+ Rxc8 16. Bd3 Bd5 17. a3 Nc5 18. Bc2 Nb3 19. Bd3 Bxf3 20. gxf3 Rc1 21. e4 Bxb2 22. O-O Bxa3 23. Ne3 Nd4 24. Kg2 Rxf1 25. Bxf1 a5 26. Nc4 Bb4 27. Nb6 g5 28. Ba6 Bc5 29. Na4 Ne6 30. Bb5 Bd4 31. Kg3 Kg7 32. Be8 Kg6 33. Bb5 h5 34. Kg2 Nf4+ 35. Kf1 Nh3 36. Be8 Kf6 37. Bd7 Nxf2 38. Nc3 Bxc3 39. Kxf2 Be5 40. h3 Bf4 41. Ke2 h4 42. Be8 Ke6 43. Kd3 f6 44. Ba4 Kd6 45. Kc4 Ke5 46. Kd3 Bc1 47. Bd7 Kf4 48. Bg4 a4 49. Kc4 a3 50. Kb3 Bb2 51. Ka2 Ke5 52. Bh5 e6 53. Kb3 f5 54. exf5 exf5 55. Be8 g4 56. fxg4 fxg4 57. hxg4 Kf4 58. Bd7 h3 59. g5 h2 0-1